Cogmind - Beta 15 @@@ ROGUE MODE // 2025.07.30 @ 00:03:16 Player: surprisinglarge Result: Destroyed by S-10 Pest with Light Assault Rifle Performance ------------- Evolutions (1) 500 Regions Visited (2) 400 Robots Destroyed (27) 135 Value Destroyed (618) 618 Prototype IDs (0) 0 Alien Tech Used (0) 0 Bonus (0) 0 TOTAL SCORE: 1653 Bonus ------- None Cogmind --------- Core Integrity 0/400 Matter 300/300 Energy 60/100 System Corruption 0% Temperature Cool (73) Movement Core (350) Ox6 Location -9/Materials Parts ------- > --- POWER (1) -------- (None) > --- PROPULSION (3) --- (None) > --- UTILITY (3) ------ Large Storage Unit Utility Shielding > --- WEAPON (2) ------- (None) > --- INVENTORY (15) --- (None) Peak State ------------ > --- POWER ------------ Improved Ion Engine > --- PROPULSION ------- Aluminum Leg Aluminum Leg Aluminum Leg > --- UTILITY ---------- Large Storage Unit Utility Shielding Weapon Shielding > --- WEAPON ----------- Small Laser Spread Laser > --- INVENTORY -------- Small Laser [Rating: 11] Favorites ----------- Power Light Ion Engine Engine Light Ion Engine Propulsion Aluminum Leg Leg Aluminum Leg Utility Utility Shielding Storage Large Storage Unit Protection Utility Shielding Weapon Small Laser Energy Gun Small Laser Ballistic Gun Assault Rifle Build | -11 -10 -9 ------- Run | Yrd Mat Mat Slots Evolved 2 | . . 2 Power . | . . . Propulsion 1 | . . 1 Utility 1 | . . 1 Weapon . | . . . Parts Attached 14 | 5 2 7 Power 2 | 1 . 1 Engine 2 | 1 . 1 Core . | . . . Reactor . | . . . Propulsion 5 | 2 . 3 Treads . | . . . Leg 5 | 2 . 3 Wheel . | . . . Hover . | . . . Flight . | . . . Utility 3 | . 1 2 Device . | . . . Storage 1 | . . 1 Processor . | . . . Hackware . | . . . Protection 2 | . 1 1 Artifact . | . . . Weapon 4 | 2 1 1 Energy Gun 3 | 1 1 1 Energy Cannon . | . . . Ballistic Gun 1 | 1 . . Ballistic Cannon . | . . . Launcher . | . . . Special Weapon . | . . . Impact Weapon . | . . . Slashing Weapon . | . . . Piercing Weapon . | . . . Special Melee Weapon . | . . . Unidentified Prototypes . | . . . Parts Lost 12 | . 1 11 Power 2 | . . 2 Propulsion 5 | . . 5 Utility 1 | . . 1 Weapon 4 | . 1 3 Highest Loss Streak 5 | . 1 5 To Critical Strikes . | . . . Average Backups . | . . . Power . | . . . Propulsion . | . . . Utility . | . . . Weapon . | . . . Tool/Special . | . . . Unused Backups . | . . . Power . | . . . Propulsion . | . . . Utility . | . . . Weapon . | . . . Tool/Special . | . . . Average Slot Usage (%) 77 | . 71 79 Engine 8 | . 14 7 Leg 23 | . 28 22 Storage 6 | . . 9 Protection 15 | . 2 20 Energy Gun 20 | . 17 21 Ballistic Gun 2 | . 9 . Peak Build Rating 11 | 5 6 11 Average Rating 7 | 3 5 8 On Entrance 3 | . 5 6 Naked Turns . | . . . Heaviest Build 33 | 6 6 33 Greatest Support 30 | 20 20 30 Greatest Overweight (x) 10 | . . 10 Average Overweight (x) . | . . . Largest Inventory Capacity 15 | 5 5 15 Average Capacity 11 | 5 5 13 Most Carried 4 | 4 1 3 Average Carried . | . . . Final Capacity 15 | 5 5 15 Final Carried . | . . . Class Distribution -------------------- 86% | Mutant 13% | Scavenger-Mutant Dominant Class ---------------- Mutant | -10/Materials Mutant | -9/Materials Resources | -11 -10 -9 ----------- Run | Yrd Mat Mat Matter Collected 362 | 154 77 131 Remotely . | . . . Salvage Created 689 | . 149 540 Parts 47 | . 17 30 Haulers Intercepted . | . . . Recyclers Shooed . | . . . Parts Field Recycled . | . . . Retrieved Matter . | . . . Parts Self-Destructed . | . . . Prevented . | . . . Kills | -11 -10 -9 ------- Run | Yrd Mat Mat Combat Hostiles Destroyed 25 | . 7 18 Guns 25 | . 7 18 Classes Destroyed 6 | . 2 4 Builder 1 | . . 1 Watcher 1 | . . 1 Swarmer 12 | . 6 6 Grunt 9 | . 1 8 Brawler 1 | . . 1 Sentry 3 | . . 3 Best Kill Streak 7 | . 7 7 Combat Bots Only 7 | . 7 6 Max Kills in Single Turn 2 | . 1 2 Gunslinging . | . . . Exploded . | . . . Melee . | . . . Uniques/NPCs Destroyed . | . . . Combat | -11 -10 -9 -------- Run | Yrd Mat Mat Hostile Shots Fired 176 | . 43 133 Missed 45 | . 8 37 Hits 131 | . 35 96 Projectile 131 | . 35 96 Critical Strikes 3 | . 1 2 Damage Taken 1398 | . 283 1115 Core 462 | . 58 404 Absorbed by Shields . | . . . Redirected to Shielding 58 | . . 58 Core Remaining (%) 88 | 100 76 . Volleys Fired 61 | . 14 47 Largest 2 | . 2 2 Hottest 105 | . 80 105 Shots Fired 108 | . 25 83 Gun 108 | . 25 83 Cannon . | . . . Launcher . | . . . Special . | . . . Kinetic 9 | . 9 . Thermal 99 | . 16 83 Explosive . | . . . Electromagnetic . | . . . Robot Hit Streak 12 | . 3 12 Robot Miss Streak 10 | . 4 10 Penetration Max . | . . . Secondary Targets 5 | . 4 1 Max Gunslinging Chain 1 | . 1 1 Shots Hit Robots 79 | . 12 67 Core Hits 77 | . 9 68 Critical Kills . | . . . Critical Parts Destroyed . | . . . Critical Strikes . | . . . Melee Attacks . | . . . Impact . | . . . Slashing . | . . . Piercing . | . . . Sneak Attacks . | . . . Combat Hostiles . | . . . Follow-up Attacks . | . . . Damage Inflicted 1000 | . 150 850 Guns 994 | . 150 844 Cannons . | . . . Explosions . | . . . Melee . | . . . Ramming 6 | . . 6 Kinetic 37 | . 37 . Thermal 957 | . 113 844 Explosive . | . . . Electromagnetic . | . . . Impact . | . . . Slashing . | . . . Piercing . | . . . Highest Corruption . | . . . Average Corruption . | . . . Corruption Purged . | . . . Corruption Blocked . | . . . Overload Shots . | . . . Overflow Damage . | . . . Projectiles . | . . . Explosions . | . . . Melee . | . . . Knockbacks . | . . . Impact . | . . . Kinetic . | . . . Secondary . | . . . Self-Inflicted Damage . | . . . Shots . | . . . Rammed . | . . . Targets Rammed 1 | . . 1 Kicked 1 | . . 1 Crushed . | . . . Highest Temperature 319 | . 36 319 Average Temperature 84 | . 16 89 Received Heat Transfer 435 | . 18 417 Effects 1 | . . 1 Energy Bleed 1 | . . 1 Siege Activations . | . . . Martial Activations . | . . . Shielding Activations . | . . . Robots Disrupted . | . . . Combat Hostiles . | . . . Robots Corrupted . | . . . Combat Hostiles . | . . . Parts Fried . | . . . Impact Corruptions . | . . . Robots Melted . | . . . Combat Hostiles . | . . . Parts Melted 1 | . . 1 Heat Transferred 1650 | . 250 1400 Parts Sabotaged . | . . . Parts Stolen . | . . . Parts Stripped . | . . . Power Chain Reactions . | . . . Alert | -11 -10 -9 ------- Run | Yrd Mat Mat Maximum Alert Level . | . . . Low Security (%) 100 | 100 100 100 Level 1 . | . . . Level 2 . | . . . Level 3 . | . . . Level 4 . | . . . Level 5 . | . . . High Security . | . . . Max Security . | . . . Peak Influence 192 | . 140 192 Initial 46 | . . 46 Average 83 | . 51 98 Influence Increases 632 | . 170 462 Destroy 0b10 Robot/C 500 | . 140 360 Destroy 0b10 Robot/NC 10 | . . 10 Destroy Leader 92 | . 30 62 Lose Combat Pursuer 30 | . . 30 Influence Decreases 502 | . 60 442 Entered New Map 64 | . . 64 Time Decay 328 | . 50 278 Lost Part 110 | . 10 100 Squads Dispatched 3 | . 2 1 Investigation 1 | . 1 . Extermination . | . . . Reinforcement 2 | . 1 1 Assault . | . . . Garrison . | . . . Intercept . | . . . Searches Triggered . | . . . Construction Impeded . | . . . Haulers Reinforced . | . . . Active Scanning Responses . | . . . Cargo Convoy Interrupts . | . . . Stealth | -11 -10 -9 --------- Run | Yrd Mat Mat Distress Signals 5 | . 1 4 Communications Jammed . | . . . Distress Signals . | . . . Times Spotted 45 | . 11 34 Peak Tracking Total 7 | . 7 5 Tactical Retreats 2 | . . 2 Traps | -11 -10 -9 ------- Run | Yrd Mat Mat Traps Triggered 2 | . 1 1 Indirectly . | . . . Trap Hack Attempts . | . . . Triggered . | . . . Disarmed . | . . . Reprogrammed . | . . . Reused . | . . . Traps Extracted . | . . . Installed . | . . . Triggered . | . . . Machines | -11 -10 -9 ---------- Run | Yrd Mat Mat Machines Disabled . | . . . Max in Single Turn . | . . . Machines Repaired . | . . . Machines Dismantled . | . . . Machines Sabotaged . | . . . Overloaded Fab Kills . | . . . Hacking | -11 -10 -9 --------- Run | Yrd Mat Mat Machines Accessed . | . . . Terminals . | . . . Fabricators . | . . . Repair Stations . | . . . Recycling Units . | . . . Scanalyzers . | . . . Garrison Access . | . . . Total Hacks . | . . . Successful . | . . . Failed . | . . . Catastrophic . | . . . Database Lockouts . | . . . Manual . | . . . Terminals . | . . . Fabricators . | . . . Repair Stations . | . . . Recycling Units . | . . . Scanalyzers . | . . . Garrison Access . | . . . Terminal Hacks . | . . . Fabricator Hacks . | . . . Repair Station Hacks . | . . . Recycling Unit Hacks . | . . . Scanalyzer . | . . . Garrison Access Hacks . | . . . Unauthorized Hacks . | . . . Terminals . | . . . Fabricators . | . . . Repair Stations . | . . . Recycling Units . | . . . Scanalyzers . | . . . Garrison Access . | . . . Data Cores Recovered . | . . . Used . | . . . Hacking Detections . | . . . Full Trace Events . | . . . Feedback Events . | . . . Feedback Blocked . | . . . Robot Schematics Acquired . | . . . Robots Built . | . . . Authchips . | . . . Time . | . . . Total Robot Build Rating . | . . . Part Schematics Acquired . | . . . Parts Built . | . . . Authchips . | . . . Time . | . . . Total Part Build Rating . | . . . Parts Repaired . | . . . Time . | . . . Parts Recycled . | . . . Recycled Matter . | . . . Retrieved Matter . | . . . Retrieved Components . | . . . Parts Scanalyzed . | . . . Part Schematics Acquired . | . . . Parts Damaged . | . . . Bothacking | -11 -10 -9 ------------ Run | Yrd Mat Mat Used RIF Installer . | . . . Robots Hacked . | . . . Non-combat . | . . . Combat . | . . . Robot Hacks Applied . | . . . Relay Couplers Released . | . . . Fabnet Peak Effective % . | . . . Robots Rewired . | . . . Allies Hacked . | . . . Hacks Repelled . | . . . Allies | -11 -10 -9 -------- Run | Yrd Mat Mat Total Allies . | . . . Largest Group . | . . . Highest-Rated Group . | . . . Highest-Rated Ally . | . . . Total Orders . | . . . Ally Attacks . | . . . Total Damage . | . . . Kills . | . . . Allies Corrupted . | . . . Allies Melted . | . . . Intel | -11 -10 -9 ------- Run | Yrd Mat Mat Active Infowar (turns) . | . . . Robot Analysis Total . | . . . Derelict Logs Recovered . | . . . Drone Launches . | . . . Drone Recoveries . | . . . Exploration | -11 -10 -9 ------------- Run | Yrd Mat Mat Turns Passed 914 | 49 204 661 Spaces Moved 482 | 41 135 306 Core 24 | 13 . 11 Treads . | . . . Legs 458 | 28 135 295 Wheels . | . . . Hover . | . . . Flight . | . . . Fastest Speed 50 | 50 120 120 Average Speed 147 | 97 120 165 Slowest Speed 550 | 120 120 550 Overloaded Moves . | . . . Propulsion Burnouts . | . . . Robots Hopped . | . . . Potential Cave-ins . | . . . Cave-ins Triggered . | . . . Exploration Rate (%) 20 | 4 32 25 Regions Visited 2 Branch Regions . Pre-discovered Areas . | . . . Known Exits Taken . | . . . Unknown Exits Taken 2 | 1 1 . Scrap Searched . | . . . Spaces Dug . | . . . Terrain Destroyed . | . . . Melee . | . . . Projectile . | . . . AOE . | . . . Terrain Rammed . | . . . Walls Destroyed . | . . . Machines Disabled . | . . . Actions | -11 -10 -9 --------- Run | Yrd Mat Mat Total 578 | 50 152 376 Wait 5 | . . 5 Move 480 | 40 134 306 Hop . | . . . Pick Up 15 | 5 2 8 Fast Attach . | . . . Attach 15 | 5 2 8 Detach . | . . . Swap 1 | . . 1 Drop . | . . . Fire 61 | . 14 47 Melee . | . . . Ram . | . . . Kick 1 | . . 1 Crush . | . . . Escape Stasis . | . . . Rewire . | . . . Trap . | . . . Miscellaneous . | . . . Route ------- -11/Scrapyard -10/Materials -9/Materials (discovered 1 exit: [*Min]) History --------- Turn | Location | Event 20 | -11/Scrapyard | Discovered new exit (range 16) 50 | -11/Scrapyard | Entered Materials 219 | -10/Materials | Destroyed 7 combat bots 239 | -10/Materials | Discovered new exit (range 14) 254 | -10/Materials | Entered another Materials area 254 | -9/Materials | Evolved 2 slots: Propulsion x1, Utility x1 304 | -9/Materials | Build established: Mutant 783 | -9/Materials | Discovered new exit (range 12) 882 | -9/Materials | Core integrity fell below 50% 912 | -9/Materials | Core integrity fell below 20% 915 | -9/Materials | Destroyed by S-10 Pest with Light Assault Rifle Last Messages --------------- Acquired 10 matter. K-01 Serf collects debris. K-01 Serf cleans the TF Node. W-16 Scout sends out distress signal. S-10 Pest destroyed. K-01 Serf cleans the TF Node. G-34 Mercenary destroyed. Kicked M-13 Machinist out of the way. M-13 Machinist sends out distress signal. S-10 Pest destroyed. W-16 Scout sends out distress signal. Weapon Shielding destroyed. Aluminum Leg destroyed. Sml. Laser destroyed. S-10 Pest destroyed. Critical hit (Burn: +37). Spread Laser destroyed. K-01 Serf collects debris. Aluminum Leg destroyed. K-01 Serf collects debris. Map ----- +----------------------------------------------------+ | ??????? ?# ???????????? ## #????? | | ???????# #?# ??????######+## #????? | | ???????# #?# ???????# #????? | | ???????# #?# ???????# ! #????? | | ???????# #?# ???????# #????? | | ??????## ### ???????# """ """ #????? | | ??????# ! ##+######### """ """ ###### | | ??????# """ """ | | ??????# % % | | ??????# % | | ??????# ##+#### ##/################## | | ??????## ## ??# ## ????????????????? | | ???????# #? ??# ## ????????????????? | | ???????# ## #?# ## "???????????????? | | ???????# + "### ## "???????????????? | | ???????# ## T## # ""??????????????? | | ???????# ##] "## # ??????????????? | | ???????# ## ## " #####??????????????? | | ???????# #####?# #??????????????????? | | ?????? + #?????# #??????????????????? | | ???????# ?????### ###??????????????????? | | ???????### w??????#%#????????????????????? | | ?????????# ######[#????????????????????? | | ?????????# k a[%#????????????????????? | | ?????????# g %#????????????????????? | | ?????????# m @=s#????????????????????? | | ?????????# Y [ #??????????????????? | | ?????????# #### ???????????????? | | ?????????# ????# ????????????? | | ???????? ?????# ?????????? | | ???????###???????# ##### ?????????? | | ?????????????????#######?????? ?????????? | | ????????????????????????????????#?????????? | | ??????????????????????????????????????????? | | ??????????????????????????????????????????? | | ??????????????????????????????????????????? | | ??????????????????????????????????????????? | | ??????????????????????????????????????????? | | ??????????????????????????????????????????? | | ??????????????????????????????????????????? | | ??????????????????????????????????????????? | | ??????????????????????????????????????????? | | ??????????????????????????????????????????? | | ??????????????????????????????????????????? | | ??????????????????????????????????????????? | | ??????????????????????????????????????????? | | ??????????????????????????????????????????? | | ??????????????????????????????????????????? | | ??????????????????????????????????????????? | | ??????????????????????????????????????????? | +----------------------------------------------------+ Best States ------------- Heat Dissipation 28 Energy Generation 12 Energy Capacity 265 Matter Stores 300 Matter Capacity 300 Sight Range 16 Terrain Scan Density 10 Utility Shielding 33 Weapon Shielding 33 Evasion (%) 55 Item Schematics ----------------- None Robot Schematics ------------------ None Fabricated ------------ Nothing Repaired ---------- Nothing Alien Tech Used ----------------- None Achievements -------------- None Challenges ------------ None Game ------ Seed ReactionStasisTrap Manual? 0 Play Time 00:08:07 Cumulative 8.2 hours Start 2025.07.29 @ 23:38:55 End 2025.07.30 @ 00:03:16 Sessions 1 Manual Loads 0 Difficulty Rogue Special Mode None Game No. 23 Rogue 22 Adventurer 0 Explorer 1 Win Type - Total 0 Types 0/0/0/0/0/0/0/0/0/0 Lore% 5 Gallery% 13 Achievement% 13 Wizard Run 0 Options --------- Layout 1 ASCII 0 Keyboard 0 Movement Mouse Keybinds 0 Fullscreen 1 Font 24/Smallcaps Map View 50x35 Zoom Use 0% Tactical HUD 0 Map Filters NONE Filters NONE Steam 1 RUN: 68eb4b76-5138-4215-a813-57124c5c1f13